TOP OF THE 1ST |
Burlington Bees batting - Pitching for Lake County Captains : RHP Matt Zambon
|
Pitching: RHP Matt Zambon
|
|
Batting: RHB Jonathan Ellis
|
0-0: Called Strike 0-1: Called Strike 0-2: Strikes out swinging
|
Batting: SHB Tim Connell
|
0-0: Swinging Strike 0-1: Ground out U3 (Groundball, 3S, EV 70.6 MPH)
|
Batting: LHB Rusty Ney
|
0-0: Ball 1-0: Foul Ball, location: 2F 1-1: Ball 2-1: Swinging Strike 2-2: Strikes out swinging
|
Top of the 1st over - 0 runs, 0 hits, 0 errors, 0 left on base; Burlington 0 - Lake County 0 |
BOTTOM OF THE 1ST |
Lake County Captains batting - Pitching for Burlington Bees : RHP Dave Thomas
|
Pitching: RHP Dave Thomas
|
|
Batting: RHB Toki Takeuchi
|
0-0: Ball 1-0: Ball 2-0: Swinging Strike 2-1: Ball 3-1: Called Strike 3-2: Base on Balls
|
Batting: LHB Yasuo Igarashi
|
0-0: Called Strike Toki Takeuchi steals 2nd base (no throw) 0-1: Swinging Strike 0-2: Foul Ball, location: 2F 0-2: Ball 1-2: Strikes out looking
|
Batting: LHB Justin Rankin
|
0-0: Ball 1-0: SINGLE (Line Drive, 9S, EV 88.1 MPH) Toki Takeuchi to third Runner from 3rd tries for Home, SAFE, throw by RF to home Justin Rankin to second
|
Batting: SHB Charlie Diesel
|
0-0: Ground out 3-1 (Groundball, 34, EV 86.9 MPH) Justin Rankin to third
|
Batting: RHB Adrian Martinelli
|
0-0: Ground out 5-3 (Groundball, 56, EV 84.4 MPH)
|
Bottom of the 1st over - 1 run, 1 hit, 0 errors, 1 left on base; Burlington 0 - Lake County 1 |
TOP OF THE 2ND |
Burlington Bees batting - Pitching for Lake County Captains : RHP Matt Zambon
|
Batting: LHB Bill Kirtley
|
0-0: SINGLE (Groundball, 25, EV 71.2 MPH) (infield hit)
|
Batting: RHB Ryan Munro
|
0-0: Swinging Strike 0-1: Ball 1-1: Foul Ball, location: 2F 1-2: Strikes out swinging
|
Batting: RHB Ryuji Ito
|
0-0: Ball 1-0: Called Strike 1-1: Foul Ball, location: 2F 1-2: Strikes out swinging
|
Batting: LHB Jorge Zermeno
|
0-0: Ground out U3 (Groundball, 34, EV 103.8 MPH)
|
Top of the 2nd over - 0 runs, 1 hit, 0 errors, 1 left on base; Burlington 0 - Lake County 1 |
BOTTOM OF THE 2ND |
Lake County Captains batting - Pitching for Burlington Bees : RHP Dave Thomas
|
Batting: LHB Tim Fuller
|
0-0: Swinging Strike 0-1: Foul Ball, location: 2F 0-2: Strikes out swinging
|
Batting: SHB Travis Burnett
|
0-0: DOUBLE (Line Drive, 7LM, EV 115.0 MPH)
|
Batting: LHB Danny Moreno
|
0-0: Called Strike 0-1: Foul Ball, location: 2F 0-2: Ball 1-2: Strikes out swinging
|
Batting: LHB Alan Kelly
|
0-0: SINGLE (Groundball, 13S, EV 65.6 MPH) (infield hit) Travis Burnett to third
|
Batting: RHB Toki Takeuchi
|
0-0: Called Strike 0-1: Ball 1-1: Foul Ball, location: 2F 1-2: Strikes out swinging
|
Bottom of the 2nd over - 0 runs, 2 hits, 0 errors, 2 left on base; Burlington 0 - Lake County 1 |
TOP OF THE 3RD |
Burlington Bees batting - Pitching for Lake County Captains : RHP Matt Zambon
|
Batting: RHB Greg Burdine
|
0-0: Ball 1-0: Called Strike 1-1: Swinging Strike 1-2: Foul Ball, location: 2F 1-2: Strikes out swinging
|
Batting: RHB Ben Herman
|
0-0: Called Strike 0-1: Swinging Strike 0-2: Foul Ball, location: 2F 0-2: Strikes out swinging
|
Batting: RHB Jonathan Ellis
|
0-0: Foul Ball, location: 2F 0-1: Ball 1-1: DOUBLE (Line Drive, 7LD, EV 109.4 MPH)
|
Batting: SHB Tim Connell
|
0-0: Called Strike 0-1: Ball 1-1: Ground out 6-3 (Groundball, 6, EV 100.6 MPH)
|
Top of the 3rd over - 0 runs, 1 hit, 0 errors, 1 left on base; Burlington 0 - Lake County 1 |
BOTTOM OF THE 3RD |
Lake County Captains batting - Pitching for Burlington Bees : RHP Dave Thomas
|
Batting: LHB Yasuo Igarashi
|
0-0: DOUBLE (Groundball, 3L, EV 105.0 MPH)
|
Batting: LHB Justin Rankin
|
0-0: Foul Ball, location: 2F 0-1: Fly out, F8 (Flyball, 8RXD, EV 103.8 MPH) Runner from 2nd tags up, SAFE at 3rd, no throw by CF
|
Batting: SHB Charlie Diesel
|
0-0: Called Strike 0-1: Called Strike 0-2: Ground out 5-3 (Groundball, 5, EV 84.4 MPH)
|
Batting: RHB Adrian Martinelli
|
0-0: Called Strike 0-1: Ball 1-1: Ball 2-1: Ball 3-1: Foul Ball, location: 2F 3-2: Strikes out swinging
|
Bottom of the 3rd over - 0 runs, 1 hit, 0 errors, 1 left on base; Burlington 0 - Lake County 1 |
TOP OF THE 4TH |
Burlington Bees batting - Pitching for Lake County Captains : RHP Matt Zambon
|
Batting: LHB Rusty Ney
|
0-0: Ball 1-0: Ball 2-0: Ball 3-0: Called Strike 3-1: Fly out, F9 (Flyball, 9LM, EV 78.8 MPH)
|
Batting: LHB Bill Kirtley
|
0-0: Ball 1-0: Fly out, F9 (Flyball, 9S, EV 86.2 MPH)
|
Batting: RHB Ryan Munro
|
0-0: Ball 1-0: Swinging Strike 1-1: Swinging Strike 1-2: Strikes out swinging
|
Top of the 4th over - 0 runs, 0 hits, 0 errors, 0 left on base; Burlington 0 - Lake County 1 |
BOTTOM OF THE 4TH |
Lake County Captains batting - Pitching for Burlington Bees : RHP Dave Thomas
|
Batting: LHB Tim Fuller
|
0-0: Ground out 4-3 (Groundball, 4, EV 81.9 MPH)
|
Batting: SHB Travis Burnett
|
0-0: Called Strike 0-1: Foul Ball, location: 2F 0-2: Ball 1-2: Foul Ball, location: 2F 1-2: SINGLE (Groundball, 6MD, EV 96.9 MPH)
|
Batting: LHB Danny Moreno
|
0-0: Called Strike 0-1: Foul Ball, location: 2F 0-2: Ball 1-2: Strikes out looking
|
Batting: LHB Alan Kelly
|
0-0: Called Strike 0-1: Swinging Strike 0-2: Foul Ball, location: 2F 0-2: Foul Ball, location: 2F 0-2: Strikes out swinging
|
Bottom of the 4th over - 0 runs, 1 hit, 0 errors, 1 left on base; Burlington 0 - Lake County 1 |
TOP OF THE 5TH |
Burlington Bees batting - Pitching for Lake County Captains : RHP Matt Zambon
|
Batting: RHB Ryuji Ito
|
0-0: Ball 1-0: Called Strike 1-1: Ball 2-1: Ball 3-1: Called Strike 3-2: Strikes out swinging passed ball, reaches first!
|
Batting: LHB Jorge Zermeno
|
0-0: Called Strike 0-1: Ball 1-1: Ball 2-1: SINGLE (Line Drive, 89S, EV 95.6 MPH) Ryuji Ito to second Runner from 2nd tries for 3rd, SAFE, throw by RF made to third
|
Batting: RHB Greg Burdine
|
0-0: Called Strike 0-1: Fielders Choice at 2nd, 6-4 (Groundball, 6D, EV 100.0 MPH) Ryuji Ito scores
|
Batting: RHB Ben Herman
|
0-0: Ball 1-0: Ball Greg Burdine is caught stealing 2nd base 2-4 2-0: SINGLE (Groundball, 34D, EV 102.5 MPH)
|
Batting: RHB Jonathan Ellis
|
Pickoff Throw to First - Error! E1 Ben Herman to second 0-0: Fly out, F9 (Flyball, 89M, EV 90.0 MPH)
|
Top of the 5th over - 1 run, 2 hits, 1 error, 1 left on base; Burlington 1 - Lake County 1 |
BOTTOM OF THE 5TH |
Lake County Captains batting - Pitching for Burlington Bees : RHP Dave Thomas
|
Batting: RHB Toki Takeuchi
|
0-0: Called Strike 0-1: Swinging Strike 0-2: Ball 1-2: Strikes out swinging
|
Batting: LHB Yasuo Igarashi
|
0-0: Ball 1-0: Foul Ball, location: 2F 1-1: Called Strike 1-2: SINGLE (Line Drive, 7S, EV 93.1 MPH)
|
Batting: LHB Justin Rankin
|
0-0: Called Strike 0-1: Ball 1-1: Called Strike 1-2: 2-RUN HOME RUN (Flyball, 78XD, EV 115.0 MPH), Distance : 428 ft
|
Batting: SHB Charlie Diesel
|
0-0: Ball 1-0: Foul Ball, location: 2F 1-1: Ball 2-1: Ball 3-1: Swinging Strike 3-2: SOLO HOME RUN (Flyball, 89XD, EV 110.0 MPH), Distance : 405 ft
|
Batting: RHB Adrian Martinelli
|
0-0: Foul Ball, location: 2F 0-1: Ball 1-1: Foul Ball, location: 2F 1-2: Foul Ball, location: 2F 1-2: Foul Ball, location: 2F 1-2: Ball 2-2: Ground out 6-3 (Groundball, 6, EV 84.4 MPH)
|
Batting: LHB Tim Fuller
|
0-0: Ball 1-0: Ball 2-0: Ball 3-0: Called Strike 3-1: Swinging Strike 3-2: Strikes out swinging
|
Bottom of the 5th over - 3 runs, 3 hits, 0 errors, 0 left on base; Burlington 1 - Lake County 4 |
TOP OF THE 6TH |
Burlington Bees batting - Pitching for Lake County Captains : RHP Matt Zambon
|
Batting: SHB Tim Connell
|
0-0: Ball 1-0: Foul Ball, location: 2F 1-1: Swinging Strike 1-2: Foul Ball, location: 2F 1-2: Strikes out swinging
|
Batting: LHB Rusty Ney
|
0-0: Called Strike 0-1: Swinging Strike 0-2: Strikes out looking
|
Batting: LHB Bill Kirtley
|
0-0: Swinging Strike 0-1: Ball 1-1: Fly out, F8 (Flyball, 89S, EV 85.6 MPH)
|
Top of the 6th over - 0 runs, 0 hits, 0 errors, 0 left on base; Burlington 1 - Lake County 4 |
BOTTOM OF THE 6TH |
Lake County Captains batting - Pitching for Burlington Bees : RHP Dave Thomas
|
Batting: SHB Travis Burnett
|
0-0: Called Strike 0-1: Called Strike 0-2: Ball 1-2: Foul Ball, location: 2F 1-2: SINGLE (Groundball, 34D, EV 111.2 MPH)
|
Pitching: LHP Cody Bodenhamer
|
|
Batting: LHB Danny Moreno
|
0-0: Swinging Strike 0-1: Called Strike 0-2: Strikes out swinging
|
Batting: LHB Alan Kelly
|
0-0: Called Strike 0-1: Ball 1-1: Foul Ball, location: 2F 1-2: Ball 2-2: Ball 3-2: DOUBLE (Groundball, 3D, EV 98.8 MPH) Travis Burnett to third
|
Batting: RHB Toki Takeuchi
|
0-0: Intentional Walk
|
Batting: LHB Yasuo Igarashi
|
0-0: Foul Ball, location: 2F 0-1: Ball 1-1: Swinging Strike 1-2: Ball 2-2: Foul Ball, location: 2F 2-2: Strikes out looking
|
Batting: LHB Justin Rankin
|
0-0: Foul Ball, location: 2F 0-1: Foul Ball, location: 2F 0-2: Ball 1-2: Strikes out swinging
|
Bottom of the 6th over - 0 runs, 2 hits, 0 errors, 3 left on base; Burlington 1 - Lake County 4 |
TOP OF THE 7TH |
Burlington Bees batting - Pitching for Lake County Captains : RHP Matt Zambon
|
Batting: RHB Ryan Munro
|
0-0: Ball 1-0: Foul Ball, location: 2F 1-1: Ball 2-1: Foul Ball, location: 2F 2-2: Ball 3-2: Foul Ball, location: 2F 3-2: Foul Ball, location: 2F 3-2: SINGLE (Groundball, 6MD, EV 101.2 MPH)
|
Batting: RHB Ryuji Ito
|
0-0: Grounds into double play, 5-4-3 (Groundball, 56, EV 84.4 MPH)
|
Batting: LHB Jorge Zermeno
|
0-0: Ball 1-0: Foul Ball, location: 2F 1-1: DOUBLE (Groundball, 3L, EV 105.6 MPH)
|
Batting: RHB Greg Burdine
|
0-0: Ball 1-0: Called Strike 1-1: Ball 2-1: Ball 3-1: Fly out, F9 (Line Drive, 9S, EV 105.6 MPH)
|
Top of the 7th over - 0 runs, 2 hits, 0 errors, 1 left on base; Burlington 1 - Lake County 4 |
BOTTOM OF THE 7TH |
Lake County Captains batting - Pitching for Burlington Bees : LHP Cody Bodenhamer
|
Pitching: RHP Craig Murphy
|
|
Batting: SHB Charlie Diesel
|
0-0: Ball 1-0: Ball 2-0: Ball 3-0: Base on Balls
|
Batting: RHB Adrian Martinelli
|
0-0: Foul Ball, location: 2F 0-1: Ball 1-1: Ball 2-1: Grounds into double play, 6-4-3 (Groundball, 6, EV 104.4 MPH)
|
Batting: LHB Tim Fuller
|
0-0: Called Strike 0-1: Foul Ball, location: 2F 0-2: Strikes out swinging
|
Bottom of the 7th over - 0 runs, 0 hits, 0 errors, 0 left on base; Burlington 1 - Lake County 4 |
TOP OF THE 8TH |
Burlington Bees batting - Pitching for Lake County Captains : RHP Matt Zambon
|
Batting: RHB Ben Herman
|
0-0: Ball 1-0: Ball 2-0: Called Strike 2-1: Foul Ball, location: 2F 2-2: Foul Ball, location: 2F 2-2: Strikes out swinging
|
Pitching: RHP Malachi Shelton
|
|
Batting: RHB Jonathan Ellis
|
0-0: Called Strike 0-1: Foul Ball, location: 2F 0-2: Ball 1-2: Ball 2-2: Foul Ball, location: 2F 2-2: Fly out, F9 (Line Drive, 9LM, EV 94.4 MPH)
|
Batting: SHB Tim Connell
|
0-0: Ball 1-0: Fly out, F9 (Line Drive, 9, EV 95.0 MPH)
|
Top of the 8th over - 0 runs, 0 hits, 0 errors, 0 left on base; Burlington 1 - Lake County 4 |
BOTTOM OF THE 8TH |
Lake County Captains batting - Pitching for Burlington Bees : RHP Craig Murphy
|
Batting: SHB Travis Burnett
|
0-0: Ball 1-0: Called Strike 1-1: SINGLE (Line Drive, 7S, EV 110.0 MPH)
|
Batting: LHB Danny Moreno
|
0-0: Ball 1-0: Called Strike 1-1: Foul Ball, location: 2F 1-2: Strikes out swinging
|
Pitching: LHP Tyler Kenney
|
|
Batting: LHB Alan Kelly
|
0-0: Ground out U3 (Groundball, 34S, EV 71.9 MPH) Travis Burnett to second
|
Batting: RHB Toki Takeuchi
|
0-0: Ball 1-0: Ball 2-0: Single, Error in OF, E7, batter to second base (Groundball, 56D, EV 97.5 MPH) Travis Burnett scores
|
Batting: LHB Yasuo Igarashi
|
0-0: Ball 1-0: Called Strike 1-1: Foul Ball, location: 2F 1-2: Hit by Pitch
|
Pinch Runner at 1st Carsten Koers:
|
|
Batting: LHB Justin Rankin
|
0-0: Fly out, F8 (Line Drive, 8RM, EV 94.4 MPH)
|
Bottom of the 8th over - 1 run, 2 hits, 1 error, 2 left on base; Burlington 1 - Lake County 5 |
TOP OF THE 9TH |
Burlington Bees batting - Pitching for Lake County Captains : RHP Malachi Shelton
|
Pitching: RHP Ryan Southerland
|
|
Now at SS: Carsten Koers
|
|
Batting: LHB Rusty Ney
|
0-0: Ball 1-0: Foul Ball, location: 2F 1-1: Foul Ball, location: 2F 1-2: Strikes out swinging
|
Batting: LHB Bill Kirtley
|
0-0: Ball 1-0: Ball 2-0: Ball 3-0: Called Strike 3-1: Called Strike 3-2: Strikes out swinging
|
Batting: RHB Ryan Munro
|
0-0: Foul Ball, location: 2F 0-1: Ball 1-1: Ball 2-1: Ball 3-1: Fly out, F9 (Flyball, 9LM, EV 90.0 MPH)
|
Top of the 9th over - 0 runs, 0 hits, 0 errors, 0 left on base; Burlington 1 - Lake County 5 |
|